 Dungeon Crawl Stone Soup version 0.31-a0-96-g196d5507e3 (webtiles) character file.

Game seed: 13171681340492287607

783 Colgate the Magician (level 8, 70/70 HPs)
             Began as a Meteoran Necromancer on May 26, 2023.
             Was an Initiate of Cheibriados.
             Quit the game on level 5 of the Dungeon.
             The game lasted 00:28:13 (2283 turns).

Colgate the Magician (Meteoran Necromancer)         Turns: 2283, Time: 00:28:13

Health: 70/70      AC: 11    Str: 11    XL:     8   Next: 33%
Magic:  18/18      EV: 12    Int: 19    God:    Cheibriados [......]
Gold:   185        SH:  0    Dex: 16    Spells: 12/20 levels left

rFire   . . .        f - +0 spear
rCold   . . .        (no shield)
rNeg    . . .        a - +0 robe
rPois   .            (no helmet)
rElec   .            k - scarf {repulsion}
rCorr   .            (no gloves)
SInv    .            q - +0 pair of boots
Will    +....        (no amulet)
Stlth   +            d - +4 ring of protection
HPRegen 0.31/turn    j - +4 ring of protection
MPRegen 0.16/turn

%: repel missiles
@: glowing, very slow
A: sense surroundings 1, otherworldly, glowing, explore regen
a: Renounce Religion


You were on level 5 of the Dungeon.
You worshipped Cheibriados.
Cheibriados was noncommittal.
You visited 2 branches of the dungeon, and saw 7 of its levels.
You also visited: Sewer.

You collected 185 gold pieces.

Inventory:

Hand Weapons
 c - a +0 dagger
 f - a +0 spear (weapon)
Armour
 a - a +0 robe (worn)
 k - a scarf of repulsion (worn)
 m - the +3 ring mail "Emie" {Rampage Drain rC++}
   (You found it in a sewer)

   rC:        It greatly protects you from cold.
   Drain:     It drains your maximum health when unequipped.
   Rampage:   It bestows one free step when moving towards enemies.
   Cheibriados disapproves of the use of such an item.
 q - a +0 pair of boots (worn)
Jewellery
 d - a +4 ring of protection (left hand)
 h - a ring of magical power
 j - a +4 ring of protection (right hand)
Wands
 n - a wand of roots (29) {@v2}
Scrolls
 e - a scroll of fog {unknown}
 l - a scroll of blinking {unknown}
 p - a scroll of magic mapping {@r5}
 r - a scroll of amnesia {unknown}
 t - a scroll of teleportation {unknown}
Potions
 b - a potion of magic
 g - a potion of attraction {unknown}
 i - 3 potions of curing {@q1}
 o - 2 potions of haste {unknown}
 s - a potion of mutation {unknown}


   Skills:
 + Level 6.1 Fighting
 - Level 2.4 Dodging
 - Level 1.4 Stealth
 - Level 6.5 Spellcasting
 - Level 6.0 Necromancy


You had 12 spell levels left.
You knew the following spells:

 Your Spells              Type           Power      Damage    Failure   Level
a - Necrotise             Necr           100%       1d9       1%          1
b - Vampiric Draining     Necr           29%        2d8       2%          3
c - Animate Dead          Necr           29%        N/A       9%          4

Your spell library contained the following spells:

 Spells                   Type           Power      Damage    Failure   Level
 Agony                    Necr           29%        N/A       26%         5
 Conjure Ball Lightning   Conj/Air       1%         3x3d6     100%        6
 Discord                  Hex            3%         N/A       100%        8
 Disjunction              Tloc           3%         N/A       100%        8


Dungeon Overview and Level Annotations

Branches:
Dungeon (6/15) Zot: 2792   Temple (1/1) D:5 Zot: 484   Sewer (visited)

Altars:
Ashenzari
Cheibriados
Dithmenos
Elyvilon
Fedhas
Makhleb
Ru
Sif Muna
Vehumet
Wu Jian
Zin
The Shining One

Annotations:
D:5 Eustachio


Innate Abilities, Weirdness & Mutations

You passively map a small area around you.
You are easily found by Zot.
You glow in the dark.
You regain HP and MP as you explore.


Message History

Aim: an orc priest, wielding a +0 club and wearing a +0 leather armour
Okay, then.
Aiming: Fastroot
Aim: an orc priest, wielding a +0 club and wearing a +0 leather armour (ally target)
The roots erupt in riotous growth!
Roots grab the orc priest.
Roots grab the orc.
The grasping roots constrict the orc.
The grasping roots constrict the orc priest!
You hear a shout!
The orc priest struggles to escape constriction.
The orc struggles to escape constriction.
You could not reach far enough!
The grasping roots constrict the orc.
You kill the orc!
Cheibriados appreciates the change of pace.
The grasping roots constrict the orc priest.
The roots release their grip on the orc priest.
An orc comes into view. It is wielding a +0 hand axe.
The orc priest hits your gnoll zombie with a +0 club.
Your gnoll zombie barely misses the orc priest.
You reach to attack!
You closely miss the orc priest.
The orc priest hits your gnoll zombie with a +0 club.
Your gnoll zombie barely misses the orc priest.
You reach to attack!
You hit the orc priest but do no damage.
The orc priest hits your gnoll zombie with a +0 club.
Your gnoll zombie closely misses the orc priest.
You could not reach far enough!
Eustachio the Magnificent comes into view.
He is wielding a +0 falchion.
The orc priest hits your gnoll zombie with a +0 club.
Your gnoll zombie is destroyed!
The orc priest barely misses your gnoll zombie.
Eustachio mumbles some strange words.
Eustachio blinks!
You reach to attack!
You completely miss the orc priest.
Your gnoll zombie hits the orc priest.
The orc priest dies!
Cheibriados appreciates the change of pace.
Your Fighting skill increases to level 6!
Okay, then.
Okay, then.

#..#
#..######
#..#
#........
#..#
###.######.
#..# #...#
,# #..##
#Z###
*###.# * *
#...# #.#
.). , #
#####..#
#.#####o#
#.####
.......#
#.....Z.#*
......
######Z#
######@.#
...... #.#
#..# #.####
#####.#
#@.# #
#...Z.#
#..# *, * #
#.#####
#..# * * *
# #.# #...
>* ## #.#
#.## #. #.#
#.# * #.
#.# * *


You could see Eustachio, an orc and a friendly gnoll zombie.

Vanquished Creatures
  A black bear (D:4)
  3 jellies
  3 hounds
  A sleepcap (D:5)
  2 iguanas (D:5)
  An orc wizard (D:5)
  Natasha (thrice) (D:3)
  2 gnolls (D:5)
  4 adders
  2 ufetubi (D:5)
  A worm (D:2)
  2 dart slugs
  7 orcs
  12 ball pythons
  3 bats (D:1)
  12 endoplasms
  15 giant cockroaches
  6 goblins
  3 hobgoblins
  11 quokkas
  3 frilled lizards
  4 kobolds
  2 rats
103 creatures vanquished.

Vanquished Creatures (collateral kills)
  A bullfrog (Sewer)
  A hound (D:5)
  An orc priest (D:5)
  A gnoll (D:5)
  A white imp (D:4)
  An ufetubus (D:5)
  4 ball pythons
  5 endoplasms
  A quokka (D:4)
  2 frilled lizards
18 creatures vanquished.

Vanquished Creatures (others)
  A black bear zombie (D:4)
  3 ball python zombies (Sewer)
  An endoplasm zombie (D:4)
  2 gnoll zombies (D:5)
  2 goblin zombies
  A kobold zombie (D:3)
10 creatures vanquished.

Grand Total: 131 creatures vanquished

Notes
Turn   | Place    | Note
-------+----------+-------------------------------------------
     0 | D:1      | Colgate the Meteoran Necromancer began the quest for the
                  | Orb.
     0 | D:1      | Reached XP level 1. HP: 14/14 MP: 5/5
    68 | D:1      | Reached XP level 2. HP: 20/20 MP: 1/7
   166 | D:1      | Reached XP level 3. HP: 26/26 MP: 5/9
   174 | D:1      | Learned a level 3 spell: Vampiric Draining
   370 | D:3      | Noticed Natasha
   378 | D:3      | Killed Natasha
   379 | D:3      | Reached skill level 5 in Spellcasting
   379 | D:3      | Reached XP level 4. HP: 33/33 MP: 12/12
   384 | D:3      | Learned a level 4 spell: Animate Dead
   409 | D:3      | Noticed Natasha
   436 | D:3      | Killed Natasha
   437 | D:3      | Reached XP level 5. HP: 8/38 MP: 6/13
   454 | D:3      | Reached skill level 5 in Necromancy
   486 | D:3      | Noticed Natasha
   497 | D:3      | Killed Natasha
   642 | D:4      | Reached XP level 6. HP: 45/45 MP: 11/14
   728 | D:4      | Found a glowing drain.
   744 | Sewer    | Entered a sewer
   979 | Sewer    | Identified the +3 ring mail "Emie" {Rampage Drain rC++}
  1044 | D:5      | Entered Level 5 of the Dungeon
  1072 | D:4      | Noticed a black bear
  1093 | D:4      | Killed a black bear
  1094 | D:4      | Reached XP level 7. HP: 32/56 MP: 10/17
  1333 | D:4      | Found a glowing golden altar of the Shining One.
  1610 | D:5      | Reached XP level 8. HP: 67/67 MP: 18/18
  1710 | D:5      | Reached skill level 5 in Fighting
  1827 | D:5      | Found a staircase to the Ecumenical Temple.
  1847 | Temple   | Entered the Ecumenical Temple
  2098 | Temple   | Became a worshipper of Cheibriados the Contemplative
  2281 | D:5      | Noticed Eustachio
  2283 | D:5      | Quit the game

Illustrated notes

Levels and vault maps discovered:
D:1:      matt_arrival_spirals, layout_basic, chequers_serial_rivers_micro_c,
          minmay_box_of_dots
D:2:      layout_basic
D:3:      layout_rooms, nicolae_ecumenical_lake_church, st_stairs_14,
          minmay_checkerbox, uniq_natasha
D:4:      minmay_spotlight, layout_loops_corners, mainiacjoe_overflow_alcove_2,
          portal_sewer_entry_e, st_stairs_1
D:5:      layout_loops_ring, minmay_temple_entry_antechambers,
          minmay_statues_item, uniq_eustachio
D:6:      layout_basic, serial_shops, nicolae_shop_back_alley_shop
Temple:   mainiacjoe_temple_cubbyholes

Skill      XL: |  1  2  3  4  5  6  7  8 |
---------------+-------------------------+-----
Spellcasting   | 3 4 5 6 |  6.5
Necromancy     | 5 6 |  6.0
Fighting       | 2 4 6 |  6.1
Dodging        | |  2.4
Stealth        | |  1.4

Action                     |  1- 3 |  4- 6 |  7- 9 || total
---------------------------+-------+-------+-------++-------
  Melee: Dagger            |     1 |       |       ||     1
         Spear             |     5 |   165 |   151 ||   321
         Punch             |       |     1 |     2 ||     3
   Cast: Necrotise         |    37 |    35 |    20 ||    92
         Vampiric Draining |     1 |     9 |     9 ||    19
         Animate Dead      |       |     7 |     8 ||    15
  Evoke: Wand              |       |       |     1 ||     1
    Use: Scroll            |       |     3 |       ||     3
         Potion            |       |     1 |       ||     1
   Stab: Sleeping          |       |       |     1 ||     1
 Armour: Robe              |     4 |   132 |    86 ||   222
  Dodge: Dodged            |     8 |   151 |    77 ||   236
         Repelled          |       |       |     2 ||     2

Table legend: (Time is in decaauts)
 A = Elapsed time spent in this place.
 B = Non-inter-level travel time spent in this place.
 C = Inter-level travel time spent in this place.
 D = Time resting spent in this place.
 E = Time spent auto-exploring this place.
 F = Levels seen in this place.
 G = Mean time per level.
                   A        B        C        D        E       F      G
               +--------+--------+--------+--------+--------+-----+--------+
         Total |   2404 |   2391 |     13 |      0 |    175 |   8 |  300.5 |
       Dungeon |   1802 |   1789 |     13 |      0 |      0 |   6 |  300.3 |
        Temple |    290 |    290 |      0 |      0 |    175 |   1 |  290.0 |
         Sewer |    311 |    311 |      0 |      0 |      0 |   1 |  311.0 |
               +--------+--------+--------+--------+--------+-----+--------+

Top non-repeatable levels by time:
     D:5: 670 daAuts
     D:4: 553 daAuts
   Sewer: 311 daAuts
  Temple: 290 daAuts
     D:3: 203 daAuts
     D:1: 203 daAuts
     D:2: 167 daAuts
     D:6: 3 daAuts
